 Dungeon Crawl Stone Soup version 0.29.1-12-g30fa7ad0bf (webtiles) character file.

Game seed: 3839221162591072928

22635 croobank the Destroyer (level 12, -1/91 HPs)
             Began as a Demonspawn Conjurer on Dec 29, 2022.
             Was a Believer of Sif Muna.
             Slain by an eight-headed hydra (11 damage)
             ... on level 2 of the Lair of Beasts.
             The game lasted 01:33:11 (23905 turns).

croobank the Destroyer (Demonspawn Conjurer)       Turns: 23905, Time: 01:33:11

Health: -1/91      AC:  8    Str: 10    XL:     12   Next: 64%
Magic:  17/30      EV: 13    Int: 23    God:    Sif Muna [**....]
Gold:   238        SH: 13    Dex: 11    Spells: 5/24 levels left

rFire   . . .      SeeInvis +   L - +3 dagger (elec)
rCold   . . .      Faith    .   E - +3 buckler
rNeg    . . .      Spirit   .   R - +0 steam dragon scales
rPois   .          Reflect  +   S - +0 mask of the Dragon {Will+ Slay+3 SInv}
rElec   .          Harm     .   (no cloak)
rCorr   +          Rampage  .   (no gloves)
Will    +....                   H - +0 pair of boots
Stlth   +++.......              M - amulet of reflection
HPRegen 0.25/turn               K - ring of magical power
MPRegen 0.22/turn               n - ring of resist corrosion

@: hasted, very quick
A: claws 2, molten scales 1, demonic guardian 2, spiny 1
a: Renounce Religion, Channel Magic


You were on level 2 of the Lair of Beasts.
You worshipped Sif Muna.
Sif Muna was pleased with you.
You visited 3 branches of the dungeon, and saw 15 of its levels.
You also visited: Sewer and Ossuary.

You collected 951 gold pieces.
You spent 713 gold pieces at shops.

Inventory:

Hand Weapons
 b - a +0 sling
 h - a +1 hand axe of venom
 r - a +1 antimagic short sword
 t - a +0 war axe
 I - a +2 whip of venom
 L - a +3 dagger of electrocution (weapon)
 O - a +0 arbalest
 Q - a +2 broad axe of pain
 U - a +5 falchion of freezing
Missiles
 f - 4 curare-tipped darts
 s - 3 javelins
 y - 52 poisoned darts
Armour
 q - +0 shadow dragon scales
 E - a +3 buckler (worn)
 F - the +1 robe "Ihuf" {rElec rC+ rCorr Slay-5}
   (You found it on level 5 of the Dungeon)

   Slay:      It affects your accuracy & damage with ranged weapons and melee
   (-5).
   rC:        It protects you from cold.
   rElec:     It insulates you from electricity.
   rCorr:     It protects you from acid and corrosion.
 H - a +0 pair of boots (worn)
 R - +0 steam dragon scales (worn)
 S - the +0 mask of the Dragon (worn) {Will+ Slay+3 SInv}
   (You bought it in a shop on level 9 of the Dungeon)

   Slay:      It affects your accuracy & damage with ranged weapons and melee
   (+3).
   SInv:      It lets you see invisible.
   Will:      It increases your willpower.
Magical Staves
 c - a staff of earth
Jewellery
 j - a ring of flight
 n - a ring of resist corrosion (right claw)
 K - a ring of magical power (left claw)
 M - an amulet of reflection (around neck)
Wands
 D - a wand of flame (7)
 G - a wand of iceblast (6)
 J - a wand of light (7)
 V - a wand of paralysis (9)
Scrolls
 e - a scroll of silence
 l - 4 scrolls of teleportation
 m - 4 scrolls of amnesia
 v - 8 scrolls of magic mapping
 A - 3 scrolls of blinking
 W - a scroll of vulnerability
 Y - a scroll of brand weapon
Potions
 d - a potion of lignification
 g - 9 potions of flight
 k - a potion of cancellation
 o - 4 potions of might
 p - a potion of attraction
 u - 5 potions of mutation
 w - 3 potions of haste
 x - 2 potions of brilliance
 z - 5 potions of heal wounds
 B - 8 potions of curing
 C - 2 potions of berserk rage
 N - a potion of magic
 T - a potion of ambrosia
Miscellaneous
 i - a condenser vane


   Skills:
 + Level 7.3 Fighting
 + Level 6.6 Dodging
 + Level 7.2 Stealth
 + Level 5.0 Shields
 + Level 6.5 Spellcasting
 - Level 10.0 Conjurations
 + Level 5.0 Hexes
 + Level 1.6 Summonings
 - Level 7.0 Translocations
 + Level 1.7 Transmutations
 + Level 3.4 Fire Magic
 + Level 4.9 Poison Magic
 + Level 4.8 Invocations


You had 5 spell levels left.
You knew the following spells:

 Your Spells              Type           Power      Damage    Failure   Level
a - Magic Dart            Conj           100%       1d8       1%          1
b - Searing Ray           Conj           100%       2d8       1%          2
c - Dazzling Flash        Conj/Hex       84%        N/A       1%          3
d - Iskenderun's Mystic   Conj/Tloc      46%        2d10      3%          4
e - Mephitic Cloud        Conj/Pois/Air  30%        N/A       4%          3
f - Ignite Poison         Fire/Tmut/Pois 23%        N/A       8%          3
g - Summon Guardian Gole  Hex/Summ       23%        N/A       8%          3

Your spell library contained the following spells:

 Spells                   Type           Power      Damage    Failure   Level
 Foxfire                  Conj/Fire      100%       2x1d9     1%          1
 Static Discharge         Conj/Air       30%        3-7/arc   1%          2
 Conjure Flame            Conj/Fire      38%        6-21      1%          3
 Fulminant Prism          Conj/Hex       21%        3d13      4%          4
 Iskenderun's Battlesphe  Conj           52%        2d10      4%          5
 Summon Small Mammal      Summ           60%        N/A       5%          1
 Inner Flame              Hex/Fire       27%        N/A       5%          3
 Flame Wave               Conj/Fire      38%        2d10      6%          4
 Call Canine Familiar     Summ           15%        N/A       16%         3
 Fireball                 Conj/Fire      19%        3d9       19%         5
 Lightning Bolt           Conj/Air       15%        1d29      36%         5
 Freezing Cloud           Conj/Ice/Air   11%        6-21      58%         5
 Orb of Destruction       Conj           26%        9d9       82%         7
 Conjure Ball Lightning   Conj/Air       15%        3x3d6     90%         6
 Discord                  Hex            15%        N/A       100%        8
 Disjunction              Tloc           19%        N/A       100%        8
 Maxwell's Capacitive Co  Air            3%         ∞         100%        8


Dungeon Overview and Level Annotations

Branches:
Dungeon (12/15)            Temple (1/1) D:7            Lair (2/5) D:11
  Swamp (0/4) Lair:2          Orc (0/2) D:10          Sewer (visited)
Ossuary (visited)
  Snake: Lair:2-3    Spider: Lair:2-3

Altars:
Ashenzari
Cheibriados
Dithmenos
Fedhas
Gozag
Hepliaklqana
Kikubaaqudgha
Makhleb
Nemelex Xobeh
Okawaru
Qazlal
Ru
Sif Muna
Trog
Uskayaw
Vehumet
Wu Jian
Xom
Yredelemnul

Shops:
D:1 !   D:9 (=?*[   D:10 ((

Annotations:
D:2 1 runed translucent door, Crazy Yiuf
D:8 exclusion: orange crystal statue


Innate Abilities, Weirdness & Mutations

You have very sharp fingernails.
You are partially covered in molten scales. (AC +2)
A demonic guardian rushes to your aid.
You are partially covered in sharp spines.


Message History

Found a sling.
Casting: Summon Guardian Golem (dangerous; 8% risk of failure)
Confirm with . or Enter, or press ? or * to list all spells.
Aiming: Searing Ray (safe; 1% risk of failure)
Press: ? - help, Shift-Dir - straight line, f/p - eight-headed hydra
Aim: an eight-headed hydra (moderately wounded, ally target, 94% to hit)
The searing ray hits the eight-headed hydra!
The eight-headed hydra is moderately wounded. (Press . to maintain the ray.)
Casting: Searing Ray (safe; 1% risk of failure)
Confirm with . or Enter, or press ? or * to list all spells.
Really blast near your guardian golem? [Y]es or [N]o only, please.
Really blast near your guardian golem?
You erupt in a blast of force!
The mystic blast hits your guardian golem.
Flame seeps out of your guardian golem.
Your guardian golem is almost destroyed.
Your guardian golem is knocked back by the mystic blast.
The mystic blast hits the eight-headed hydra!
The eight-headed hydra is heavily wounded.
Your guardian golem disappears in a puff of smoke!
The eight-headed hydra barely misses you.
You block the eight-headed hydra's attack. x2
The eight-headed hydra bites you but does no damage.
The eight-headed hydra bites you.
* * * LOW HITPOINT WARNING * * *
A demonic guardian appears!
You block the eight-headed hydra's attack.
The eight-headed hydra bites you but does no damage.
The eight-headed hydra barely misses you.
You feel yourself speed up.
The eight-headed hydra is struck by your spines.
The eight-headed hydra bites you!
* * * LOW HITPOINT WARNING * * *
The eight-headed hydra bites you.
* * * LOW HITPOINT WARNING * * *
You block the eight-headed hydra's attack.
The eight-headed hydra bites you!
You die...

#..##..P...#
#...........
###...#.P...<.
##....###9.#..#
#P......#..#...
###......<#......
###.4.§............
#)#..D○.........[....
#..@###.............
#..## ##......P.#...
#.. .##.P........#
..................###
#####.###...##........
###.##..#.....
#P.##..†.P#.. [.
#..##........ ..
##.......#PP#


You could see an eight-headed hydra (ally target) and a friendly hellwing
(summoned).

Vanquished Creatures
  Erolcha (D:10)
  A hydra (Lair:2)
  2 two-headed ogres (D:12)
  An ugly thing (D:12)
  A deep elf pyromancer (D:12)
  2 cyclopes (D:12)
  A rime drake (shapeshifter) (D:11)
  2 cane toads
  Maggie (D:7)
  Psyche (D:9)
  A komodo dragon (Lair:1)
  3 trolls
  A hornet (D:8)
  Grinder (D:3)
  A wyvern (D:9)
  A wraith (D:10)
  A vampire (D:10)
  2 shadows
  6 vampire mosquitoes (D:11)
  19 yaks
  A basilisk (Lair:2)
  Menkaure (D:6)
  An acid dragon (D:9)
  Edmund (D:5)
  4 water moccasins
  3 black bears
  4 orc warriors
  3 sky beasts
  5 ogres
  6 centaurs
  8 wolves (Lair:1)
  2 phantoms
  7 kobold brigands
  9 bullfrogs
  4 necrophages
  A scorpion (D:5)
  5 wights
  17 killer bees
  2 howler monkeys
  3 centaur zombies
  6 hounds
  2 jellies (D:4)
  4 lava snakes (D:8)
  A bullfrog zombie (Ossuary)
  A human zombie (D:10)
  8 orc priests
  A gnoll bouda (D:6)
  7 mummies
  Ijyb (D:5)
  4 iguanas
  7 orc wizards
  13 gnolls
  12 adders
  2 river rats (Sewer)
  A shadow imp (D:5)
  4 worms
  2 dart slugs (D:1)
  28 orcs
  11 endoplasms
  5 giant cockroaches
  3 goblins
  13 hobgoblins
  4 quokkas (D:4)
  4 ball pythons
  13 bats
  A frilled lizard (D:1)
  31 kobolds
  7 rats
332 creatures vanquished.

Vanquished Creatures (collateral kills)
  A hydra (Lair:2)
  An orc knight (D:10)
  2 centaur zombies (D:10)
  7 yaks
  A water moccasin (Lair:2)
  A centaur (D:7)
  A bullfrog (Lair:2)
  2 scorpions
  A gnoll sergeant (D:5)
  A wight (D:10)
  4 killer bees
  6 orc priests
  A worm (D:2)
  3 orcs
  A ball python (Sewer)
33 creatures vanquished.

Vanquished Creatures (others)
  A cane toad (Lair:2)
  A yak (Lair:2)
  2 bullfrogs (Lair:2)
  A scorpion (Lair:2)
  9 fungi
  43 plants
  7 withered plants (Ossuary)
64 creatures vanquished.

Grand Total: 429 creatures vanquished

Notes
Turn   | Place    | Note
-------+----------+-------------------------------------------
     0 | D:1      | croobank the Demonspawn Conjurer began the quest for the
                  | Orb.
     0 | D:1      | Reached XP level 1. HP: 13/13 MP: 3/3
   390 | D:1      | Gained mutation: A weak demonic guardian rushes to your
                  | aid. [demonic ancestry]
   390 | D:1      | Reached XP level 2. HP: 19/19 MP: 0/5
   446 | D:1      | Learned a level 2 spell: Searing Ray
   614 | D:1      | Found Piublomp's Distillery.
   634 | D:1      | Found a faded altar of an unknown god.
  1470 | D:1      | Reached XP level 3. HP: 25/25 MP: 3/6
  1774 | D:2      | Reached skill level 1 in Fighting
  2076 | D:2      | Identified the +8 sling of Urgency {speed, Str+3}
  2407 | D:2      | Gained mutation: You have sharp fingernails. [demonic
                  | ancestry]
  2407 | D:2      | Reached XP level 4. HP: 32/32 MP: 3/7
  2411 | D:2      | Learned a level 3 spell: Dazzling Flash
  2565 | D:2      | Found a runed translucent door.
  2566 | D:2      | Noticed Crazy Yiuf
  3131 | D:3      | Found a glowing drain.
  3203 | Sewer    | Entered a sewer
  3694 | Sewer    | Noticed a kobold brigand
  3694 | Sewer    | Noticed a kobold brigand
  3799 | Sewer    | Reached XP level 5. HP: 38/38 MP: 4/9
  3927 | Sewer    | Reached skill level 1 in Hexes
  4183 | Sewer    | Reached XP level 6. HP: 43/46 MP: 4/10
  4362 | D:3      | Noticed Grinder
  4373 | D:3      | Killed Grinder
  4374 | D:3      | Reached skill level 5 in Conjurations
  4374 | D:3      | Gained mutation: You are partially covered in molten
                  | scales. (AC +2) [demonic ancestry]
  4374 | D:3      | Reached XP level 7. HP: 35/53 MP: 0/12
  5026 | D:3      | Found an ornate altar of the Wu Jian Council.
  5524 | D:4      | Learned a level 4 spell: Iskenderun's Mystic Blast
  5719 | D:4      | Reached skill level 1 in Translocations
  5946 | D:4      | Found a burning altar of Makhleb.
  6477 | D:5      | Entered Level 5 of the Dungeon
  6491 | D:4      | Gained mutation: A demonic guardian rushes to your aid.
                  | [demonic ancestry]
  6491 | D:4      | Reached XP level 8. HP: 21/60 MP: 3/13
  6839 | D:5      | Noticed Edmund
  6849 | D:5      | Killed Edmund
  6850 | D:5      | Reached skill level 6 in Conjurations
  7134 | D:5      | Reached skill level 5 in Translocations
  7254 | D:5      | Reached skill level 7 in Conjurations
  7290 | D:5      | Found a stormy altar of Qazlal.
  7295 | D:5      | Noticed Ijyb
  7306 | D:5      | Killed Ijyb
  7592 | D:5      | Identified the +1 robe "Ihuf" {rElec rC+ rCorr Slay-5}
  8275 | D:6      | Found a sand-covered staircase.
  8290 | Ossuary  | Entered an ossuary
  8674 | D:6      | Reached skill level 1 in Shields
  8674 | D:6      | Gained mutation: You are partially covered in sharp spines.
                  | [demonic ancestry]
  8674 | D:6      | Reached XP level 9. HP: 57/65 MP: 4/14
  9315 | D:6      | Noticed Menkaure
  9326 | D:6      | Killed Menkaure
  9417 | D:6      | Found a basalt altar of Yredelemnul.
 11401 | D:7      | Reached skill level 5 in Fighting
 11412 | D:7      | Reached XP level 10. HP: 37/74 MP: 16/16
 12562 | D:7      | Found a staircase to the Ecumenical Temple.
 12641 | D:7      | Found a broken altar of Ashenzari.
 12648 | D:7      | Reached skill level 5 in Stealth
 12696 | D:7      | Noticed Maggie
 12706 | D:7      | Killed Maggie
 13278 | D:8      | Reached skill level 8 in Conjurations
 13481 | D:8      | Noticed an orange crystal statue
 14314 | D:9      | Noticed Psyche
 14316 | D:9      | Found Heishul's Magic Scroll Boutique.
 14437 | D:9      | Reached skill level 5 in Spellcasting
 14475 | D:9      | Found Socalaul's Jewellery Emporium.
 14491 | D:9      | Bought a scroll of identify for 26 gold pieces
 14491 | D:9      | Bought a scroll of identify for 26 gold pieces
 14491 | D:9      | Bought a scroll of enchant armour for 97 gold pieces
 14491 | D:9      | Bought a scroll of enchant armour for 97 gold pieces
 14549 | Temple   | Entered the Ecumenical Temple
 14564 | Temple   | Became a worshipper of Sif Muna the Loreminder
 14665 | D:9      | Found Wumpuof's General Store.
 14684 | D:9      | Killed Psyche
 14688 | D:9      | Reached skill level 5 in Dodging
 14688 | D:9      | Reached skill level 5 in Shields
 14988 | D:9      | Found Lelirr's Weapon Shop.
 15206 | D:9      | Found a snail-covered altar of Cheibriados.
 15304 | D:9      | Found Tikhloax's Armour Shop.
 15375 | D:9      | Gained mutation: You have very sharp fingernails. [demonic
                  | ancestry]
 15375 | D:9      | Reached XP level 11. HP: 75/81 MP: 15/18
 15623 | D:9      | Found a hide-covered altar of Uskayaw.
 15626 | D:9      | Found an opulent altar of Gozag.
 15631 | D:9      | Found a shadowy altar of Dithmenos.
 15631 | D:9      | Found a blossoming altar of Fedhas.
 15635 | D:9      | Found a shimmering altar of Xom.
 15691 | D:10     | Entered Level 10 of the Dungeon
 15903 | D:10     | Reached skill level 5 in Hexes
 15981 | D:10     | Found an ancient bone altar of Kikubaaqudgha.
 16448 | D:10     | Found Iduj's Weapon Boutique.
 16508 | D:10     | Noticed an orc knight
 16510 | D:10     | Learned a level 3 spell: Mephitic Cloud
 16525 | D:10     | Learned a level 3 spell: Ignite Poison
 16790 | D:10     | Reached * piety under Sif Muna
 17132 | D:10     | Found a staircase to the Orcish Mines.
 17467 | D:10     | Reached skill level 1 in Poison Magic
 17586 | D:10     | Reached skill level 1 in Invocations
 17597 | D:10     | Reached skill level 1 in Fire Magic
 17932 | D:10     | Found Dudicu's Weapon Shop.
 17944 | D:10     | Noticed Erolcha
 17956 | D:10     | Killed Erolcha
 17957 | D:10     | Reached skill level 9 in Conjurations
 18184 | D:10     | Killed an orc knight
 18690 | D:11     | Learned a level 3 spell: Summon Guardian Golem
 18906 | D:11     | Found a staircase to the Lair.
 18982 | D:11     | Reached ** piety under Sif Muna
 19537 | D:12     | Noticed a two-headed ogre
 19542 | D:12     | Noticed a brown ugly thing
 19542 | D:12     | Noticed a two-headed ogre
 19546 | D:12     | Noticed a deep elf pyromancer
 19855 | D:9      | Bought the +0 mask of the Dragon {Will+ Slay+3 SInv} for
                  | 467 gold pieces
 19855 | D:9      | Found the +0 mask of the Dragon {Will+ Slay+3 SInv}
 20231 | D:12     | Killed a two-headed ogre
 20599 | D:12     | Killed a deep elf pyromancer
 20600 | D:12     | Reached XP level 12. HP: 89/89 MP: 12/21
 20709 | D:12     | Killed a two-headed ogre
 21221 | Lair:1   | Entered Level 1 of the Lair of Beasts
 22334 | Lair:1   | Reached skill level 10 in Conjurations
 22954 | Lair:2   | Found a staircase to the Swamp.
 23065 | Lair:2   | Reached skill level 1 in Transmutations
 23067 | Lair:2   | Noticed a seven-headed hydra
 23084 | Lair:2   | Killed a seven-headed hydra
 23359 | Lair:2   | Reached skill level 1 in Summonings
 23620 | Lair:2   | Noticed an eight-headed hydra
 23781 | Lair:2   | Noticed a six-headed hydra
 23788 | Lair:2   | Killed a six-headed hydra
 23905 | Lair:2   | Slain by an eight-headed hydra

Illustrated notes

Levels and vault maps discovered:
D:1:      dpeg_arrival_water_temple_mockup, layout_loops_corners,
          hellmonk_ecumenical_altar_crossroads, serial_shops,
          nicolae_square_shop, st_stairs_12
D:2:      layout_loops_cross, serial_park_tiny_1, uniq_crazy_yiuf_cottage
D:3:      layout_loops_ring, nicolae_wu_jian_immortal_techniques,
          cheibrodos_sewer_entry_sluice, palyth_stone_intersect, uniq_grinder
D:4:      layout_loops_ring, mainiacjoe_overflow_paths,
          nicolae_elevator_lobby_asterisk
D:5:      layout_basic, mainiacjoe_overflow_small_starburst,
          chequers_serial_rivers_room_b, minmay_fractal_squares_5, uniq_ijyb,
          uniq_edmund
D:6:      kennysheep_housing_project, layout_basic, marbit_many_paths,
          nicolae_ossuary_entry_ruins, minmay_misc_feat_secret_circle,
          uniq_menkaure
D:7:      layout_basic, ashenzari_altar_1, minmay_temple_entry_ruins,
          uniq_maggie
D:8:      layout_rooms, disabler_island
D:9:      layout_roguey, mainiacjoe_overflow_boulevard,
          nicolae_overflow_hallway_of_the_gods, serial_shops,
          nicolae_inconvenience_store, shop, shop, nicolae_shop_window_shopping,
          kennysheep_mini, uniq_psyche
D:10:     layout_roguey, lemuel_mausoleum_altar_kikubaaqudgha, david_orc_5,
          serial_shops, nicolae_shop_bloodbath_and_beyond,
          nicolae_stop_n_shop_2, minmay_misc_feat_square, uniq_erolcha
D:11:     layout_basic, lair_entry_dummy, nrook_campfire, dk_noncrumbling_2
D:12:     layout_loops_ring
Temple:   hellmonk_temple_micro_hex
Lair:1:   layout_gridlike
Lair:2:   layout_loops_ring, swamp_mist

Skill      XL: |  1  2  3  4  5  6  7  8  9 10 11 12 |
---------------+-------------------------------------+-----
Stealth        | 2 3 4 5 6 7 |  7.2
Dodging        | 2 3 4 5 6 |  6.6
Fighting       | 1 2 3 4 5 6 7 |  7.3
Hexes          | 1 2 3 4 5 |  5.0
Spellcasting   | 3 4 5 6 |  6.5
Conjurations   | 5 7 8 9 10 | 10.0
Translocations | 2 5 6 7 |  7.0
Shields        | 1 3 5 |  5.0
Poison Magic   | 3 4 |  4.9
Invocations    | 3 4 |  4.8
Fire Magic     | 2 3 |  3.4
Transmutations | 1 |  1.7
Summonings     | 1 |  1.6

Action                   |  1- 3 |  4- 6 |  7- 9 | 10-12 || total
-------------------------+-------+-------+-------+-------++-------
Melee: Short sword       |    13 |     3 |       |       ||    16
       Dagger            |       |     1 |   115 |    97 ||   213
 Cast: Magic Dart        |    50 |    10 |    53 |    73 ||   186
       Searing Ray       |    19 |    28 |    85 |   105 ||   237
       Dazzling Flash    |       |     1 |     2 |     6 ||     9
       Iskenderun's Myst |       |       |     2 |    74 ||    76
       Mephitic Cloud    |       |       |       |    35 ||    35
       Ignite Poison     |       |       |       |    11 ||    11
       Summon Guardian G |       |       |       |     7 ||     7
Evoke: Wand              |       |       |     1 |     2 ||     3
  Use: Scroll            |       |    13 |     4 |    16 ||    33
       Potion            |       |     4 |     4 |     1 ||     9
 Stab: Sleeping          |       |     1 |     6 |     9 ||    16
       Invisible         |       |       |     2 |     1 ||     3
       Paralysed         |       |       |       |     3 ||     3
       Confused          |       |       |       |     2 ||     2
       Distracted        |       |       |       |     1 ||     1
Armor: Robe              |     4 |     3 |    62 |    43 ||   112
       Steam dragon scal |       |       |       |     7 ||     7
Dodge: Dodged            |    21 |    14 |   133 |   129 ||   297
Block: Buckler           |       |       |       |   115 ||   115
       Reflection        |       |       |       |     5 ||     5
